 Dungeon Crawl Stone Soup version 0.31-a0-1529-g7bd419a0e5 (webtiles) character file.

Game seed: 12337074505364708561

52 tilp the Sneak (level 3, -3/26 HPs)
             Began as a Vampire Enchanter on Jan 1, 2024.
             Slain by a gnoll
             ... wielding a +0 halberd
              (12 damage)
             ... on level 3 of the Dungeon.
             The game lasted 00:03:28 (1595 turns).

tilp the Sneak (Vampire Enchanter)                  Turns: 1595, Time: 00:03:29

Health: -3/26      AC:  5    Str:  7    XL:     3   Next: 60%
Magic:  0/6        EV: 12    Int: 19    God:
Gold:   58         SH:  0    Dex: 14    Spells: 1/6 levels left

rFire   . . .        a - +2 dagger
rCold   . . .        (no shield)
rNeg    . . .        h - +0 robe
rPois   .            (no helmet)
rElec   .            (no cloak)
rCorr   .            i - +2 pair of gloves
SInv    +            (no boots)
Will    .....        (no amulet)
Stlth   +++          (no ring)
HPRegen 0.44/turn    (no ring)
MPRegen 0.10/turn

%: no passive effects
@: healing quickly, invisible
A: alive, fangs 3, see invisible, vampiric 2
a: Exsanguinate


You were on level 3 of the Dungeon.
You visited 1 branch of the dungeon, and saw 3 of its levels.

You collected 58 gold pieces.

Inventory:

Hand Weapons
 a - a +2 dagger (weapon)
 b - a +0 long sword
Missiles
 g - 25 stones (quivered)
Armour
 h - a +0 robe (worn)
 i - a +2 pair of gloves (worn)
Magical Staves
 o - the staff of the Shoals {rElec rN+ Int+2 Dex+3 Air}
   (You found it on level 2 of the Dungeon)

   [staff of air]

   Base accuracy: +5 Base damage: 5 Base attack delay: 1.2 This weapon's minimum
   attack delay (0.6) is reached at skill level 12.
   Int+2:     It affects your intelligence (+2).
   Dex+3:     It affects your dexterity (+3).
   rElec:     It insulates you from electricity.
   rN+:       It protects you from negative energy.
   Air:       It increases the power of your Air spells.
   It falls into the 'Staves' category.
   It is a one-handed weapon.
Wands
 l - a wand of polymorph (9)
Scrolls
 m - a scroll of vulnerability
 q - a scroll of immolation
Potions
 c - a potion of invisibility
 d - a potion of degeneration {unknown}
 e - a potion of haste
 f - a potion of heal wounds {unknown}
 k - a potion of brilliance
 p - a potion of berserk rage {unknown}


   Skills:
 * Level 1.1 Fighting
 + Level 1.5(1.8) Short Blades
 * Level 1.2(1.6) Long Blades
 + Level 2.5 Dodging
 + Level 4.7 Stealth
 + Level 2.2 Spellcasting
 + Level 4.7 Hexes
 + Level 0.3 Ice Magic
 + Level 0.2 Evocations


You had one spell level left.
You knew the following spells:

 Your Spells              Type           Power      Damage    Failure   Level
a - Ensorcelled Hibernat  Hex/Ice        22%        N/A       9%          2
b - Confusing Touch       Hex            20%        N/A       7%          3

Your spell library contained the following spells:

 Spells                   Type           Power      Damage    Failure   Level
 Tukima's Dance           Hex            20%        N/A       7%          3
 Dazzling Flash           Conj/Hex       22%        N/A       19%         3


Dungeon Overview and Level Annotations

Branches:
Dungeon (3/15)

Altars:
Gozag


Innate Abilities, Weirdness & Mutations

Your natural rate of healing is accelerated.
You have razor-sharp teeth.
You have supernaturally acute eyesight. (SInv)
You are afflicted with vampirism and can become a bat while bloodless.


Message History

The quokka bites you but does no damage.
You hit the quokka.
You kill the quokka!
The gnoll barely misses you.
You see here a quokka corpse.
The gnoll attacks as it pursues you! The gnoll closely misses you.
Casting: Ensorcelled Hibernation (safe; 9% risk of failure)
Confirm with . or Enter, or press ? or * to list all spells.
Aiming: Ensorcelled Hibernation (safe; 9% risk of failure)
Press: ? - help, Shift-Dir - straight line, f - gnoll
Aim: a gnoll, wielding a +0 club (chance to affect: 53%)
The gnoll resists with significant effort.
The gnoll barely misses you.
An adder comes into view.
Unknown command.
Casting: Ensorcelled Hibernation (safe; 9% risk of failure)
Confirm with . or Enter, or press ? or * to list all spells.
Aiming: Ensorcelled Hibernation (safe; 9% risk of failure)
Press: ? - help, Shift-Dir - straight line, f/p - gnoll
Aim: a gnoll, wielding a +0 club (chance to affect: 53%)
The gnoll resists with significant effort.
The adder hisses angrily.
The orc hits you but does no damage. The gnoll closely misses you. x2
Unknown command.
Unknown command.
Casting: Ensorcelled Hibernation (safe; 9% risk of failure)
Confirm with . or Enter, or press ? or * to list all spells.
Aiming: Ensorcelled Hibernation (safe; 9% risk of failure)
Press: ? - help, Shift-Dir - straight line, f/p - gnoll
Aim: a gnoll, wielding a +0 club (chance to affect: 53%)
The gnoll resists with significant effort.
The orc barely misses you.
The gnoll hits you from afar with a +0 halberd!
The gnoll hits you with a +0 club.
* * * LOW HITPOINT WARNING * * *
Unknown command.
You fade into invisibility!
The orc barely misses you.
The gnoll hits you from afar with a +0 halberd!
You die...

###########
..........#
#.g...##.#
##.....##<####
........g....#
##.....##g##.#
#..... #g# #
###### #@# #o#
#.# #S# #.#
..# ... ...


You could see 3 gnolls, an adder (unable to see you) and an orc (unable to see
you).

Vanquished Creatures
  An adder (D:2)
  2 dart slugs (D:2)
  A ribbon worm (D:2)
  4 ball pythons
  4 endoplasms
  2 giant cockroaches
  3 goblins (D:2)
  4 hobgoblins
  3 jackals (D:1)
  2 kobolds (D:1)
  2 quokkas
  A bat (D:2)
  3 frilled lizards
  2 rats (D:2)
34 creatures vanquished.

Notes
Turn   | Place    | Note
-------+----------+-------------------------------------------
     0 | D:1      | tilp the Vampire Enchanter began the quest for the Orb.
     0 | D:1      | Reached XP level 1. HP: 13/13 MP: 3/3
    54 | D:1      | Reached XP level 2. HP: 12/20 MP: 5/5
    57 | D:1      | Learned a level 2 spell: Ensorcelled Hibernation
   807 | D:2      | Found an opulent altar of Gozag.
   890 | D:2      | Reached skill level 1 in Long Blades
   993 | D:2      | Reached skill level 1 in Fighting
   993 | D:2      | Gained mutation: You are afflicted with vampirism and can
                  | become a bat while bloodless. [Vampire growth]
   993 | D:2      | Reached XP level 3. HP: 26/26 MP: 6/6
  1107 | D:2      | Learned a level 3 spell: Confusing Touch
  1116 | D:2      | Identified the staff of the Shoals {rElec rN+ Int+2 Dex+3
                  | Air}
  1595 | D:3      | Slain by a gnoll

Illustrated notes

Levels and vault maps discovered:
D:1:      dpeg_arrival_boxorama, layout_loops_cross, serial_bayou,
          serial_bayou_shore_a, serial_bayou_pond_a, serial_bayou_pond_a,
          serial_bayou_pond_a, st_stairs_9
D:2:      layout_basic, basic_altar, minmay_goblin_kobold_house
D:3:      layout_loops_ring, mainiacjoe_overflow_swirl,
          nicolae_overflow_crystal_walls, nicolae_underground_beach

Skill      XL: |  1  2 |
---------------+-------+-----
Long Blades    | 1 |  1.2
Fighting       | 1 |  1.1
Short Blades   | |  1.5
Dodging        | |  2.5
Stealth        | |  4.7
Spellcasting   | |  2.2
Hexes          | |  4.7
Ice Magic      | |  0.3
Evocations     | |  0.2

Action                     || total
---------------------------++-------
  Melee: Dagger            ||   112
         Bite              ||    10
         Punch             ||     2
   Cast: Ensorcelled Hiber ||     5
    Use: Scroll            ||     8
         Potion            ||     1
   Stab: Sleeping          ||     8
 Armour: Robe              ||    55
  Dodge: Dodged            ||    65

Table legend: (Time is in decaauts)
 A = Elapsed time spent in this place.
 B = Non-inter-level travel time spent in this place.
 C = Inter-level travel time spent in this place.
 D = Time resting spent in this place.
 E = Time spent auto-exploring this place.
 F = Levels seen in this place.
 G = Mean time per level.
                   A        B        C        D        E       F      G
               +--------+--------+--------+--------+--------+-----+--------+
         Total |   1598 |   1535 |     63 |      0 |   1262 |   3 |  532.7 |
       Dungeon |   1598 |   1535 |     63 |      0 |   1262 |   3 |  532.7 |
               +--------+--------+--------+--------+--------+-----+--------+

Top non-repeatable levels by time:
     D:1: 816 daAuts
     D:2: 751 daAuts
     D:3: 30 daAuts
